 Dungeon Crawl Stone Soup version 0.27-a0-1046-g98bf31544f (webtiles) character file.

Game seed: 14983182568321871708

4305 gimp the Fighter (level 10, -5/82 HPs)
             Began as a Djinni Fire Elementalist on Apr 20, 2021.
             Was an Initiate of Makhleb.
             Slain by a warg (14 damage)
             ... on level 8 of the Dungeon.
             The game lasted 00:25:55 (10557 turns).

gimp the Fighter (Djinni Fire Elementalist)        Turns: 10557, Time: 00:25:56

Health: -5/82      AC:  4    Str:  8    XL:     10   Next: 32%
Gold:   497        EV: 14    Int: 25    God:    Makhleb [......] SH:  0 Dex: 14

rFire    + + .     SeeInvis .   d - +2 dagger (venom)
rCold    . . .     Faith    .   (no shield)
rNeg     . . .     Spirit   .   c - +2 robe {rC+}
rPois    ∞         Reflect  .   (no helmet)
rElec    .         Harm     .   (no cloak)
rCorr    .         Rampage  .   (no gloves)
Will     +....                  (boots unavailable)
Stlth    ++........             (no amulet)
HPRegen  0.23/turn              i - +4 ring of slaying
MPRegen  0.00/turn              l - +6 ring of intelligence

@: flying
A: fire resistance 2, cold vulnerability 1, float, innate caster, hp casting,
extra vitality 1
a: Renounce Religion


You were on level 8 of the Dungeon.
You worshipped Makhleb.
Makhleb was noncommittal.
You visited 2 branches of the dungeon, and saw 9 of its levels.

You collected 497 gold pieces.

Inventory:

Hand Weapons
 d - a +2 dagger of venom (weapon)
 f - a +2 vorpal war axe
 y - a +3 vorpal hand axe
Missiles
 m - 4 throwing nets
 v - 15 poisoned darts
Armour
 a - a +0 kite shield
 c - a +2 robe of cold resistance (worn)
 t - a scarf of invisibility
Jewellery
 i - a +4 ring of slaying (left hand)
 l - a +6 ring of intelligence (right hand)
 s - a +4 ring of slaying
 x - a +6 ring of dexterity
Wands
 e - a wand of mindburst (20)
 g - a wand of polymorph (17)
 w - a wand of flame (25)
 A - a wand of acid (10)
Scrolls
 b - 4 scrolls of teleportation
 o - a scroll of magic mapping
 p - 2 scrolls of fog
 u - a scroll of enchant weapon
Potions
 h - 2 potions of berserk rage
 j - a potion of might
 k - 3 potions of mutation
 n - a potion of brilliance
 q - a potion of lignification
 r - a potion of magic


   Skills:
 - Level 11.0 Fighting
 + Level 4.6 Armour
 + Level 5.8 Dodging
 - Level 1.5 Stealth
 - Level 6.0 Spellcasting
 + Level 1.7 Invocations


You couldn't memorise any spells.
You knew the following spells:

 Your Spells              Type           Power      Damage    Failure   Level
a - Foxfire               Conj/Fire      100%       2x1d9     1%          1
b - Conjure Flame         Conj/Fire      37%        6-21      1%          3
c - Inner Flame           Hex/Fire       37%        N/A       1%          3
d - Sticky Flame          Conj/Fire      37%        2d6       6%          4
e - Fireball              Conj/Fire      18%        3d9       17%         5
f - Magic Dart            Conj           100%       1d8       1%          1
g - Wereblood             Tmut           37%        N/A       1%          2
h - Ensorcelled Hibernat  Hex/Ice        74%        N/A       1%          2
i - Leda's Liquefaction   Hex/Erth       18%        N/A       6%          4
Your spell library was empty.

Dungeon Overview and Level Annotations

Branches:
Dungeon (8/15)             Temple (1/1) D:7            Lair (0/6) D:8

Altars:
Ashenzari
Cheibriados
Elyvilon
Fedhas
Gozag
Hepliaklqana
Kikubaaqudgha
Makhleb
Nemelex Xobeh
Qazlal
Ru
Sif Muna
Trog
Uskayaw
Vehumet
Wu Jian
Yredelemnul
Zin
The Shining One

Annotations:
D:2 Terence
D:7 3 runed translucent doors, Persimmons's ghost, novice DjFE


Innate Abilities, Weirdness & Mutations

You are immune to poison.
Your flesh is very heat resistant. (rF++)
You are vulnerable to cold. (rC-)
You float through the air rather than walking.
You learn spells naturally, not from books.
Your magical power is your life essence.
You have superior vitality. (+4 HP)


Message History

The warg bites you!
* * * LOW HITPOINT WARNING * * *
You take 22 damage, and have 8/82 hp.
MASSIVE DAMAGE!!
Okay, then.
Okay, then.
Unknown command.
Aiming: Corrosive Bolt
Press: ? - help, Shift-Dir - straight line, f - orc priest, p - warg
Aim: an orc priest, wielding a +2 whip of venom and wearing a +0 chain mail (severely wounded, 79% to hit)
The bolt of acid misses the warg.
The bolt of acid hits the warg!
The warg is splashed with acid.
The warg seems to be corroded for longer.
The warg is almost dead.
The bolt of acid hits the orc priest!
The orc priest is splashed with acid.
The acid corrodes the orc priest!
You kill the orc priest!
Makhleb accepts your kill. The warg closely misses you.
An orc wizard comes into view. It is wielding a +0 dagger.
The warg barely misses you.
An orc comes into view. It is wielding a +0 hand axe.
The warg bites you but does no damage.
You don't have any such object.
Evoke which item? (* to show all) (? for menu, Esc to quit)
That's the wrong kind of item! (Use * to select it.) Evoke which item? (* to show all) (? for menu, Esc to quit)
Okay, then.
Unknown command.
Aiming: Corrosive Bolt
Press: ? - help, Shift-Dir - straight line, f - warg
Aim: a warg (almost dead, covered in acid, 64% to hit)
The bolt of acid hits the warg!
The warg is splashed with acid!
The acid corrodes the warg!
The warg is severely wounded.
The bolt of acid hits the warg!
The warg is splashed with acid.
The warg seems to be corroded for longer.
You kill the warg!
Makhleb accepts your kill. The warg bites you!
You die...

.........#####
##+##.......#
#......#...####..#.........
#......#...#.....#.........
#......#...#.....'.........
+......'...'.....#.........
#......###########.........
####.................##+#..
#.....ooh.........# ..
#.....###@..###...#
+##.....##.....##...#
.......)#.......#....
........#.......#
........)o..o).....
.............)......
#######....)>......
...........#. ....P....


You could see a warg (corroded), an orc priest, an orc wizard and 2 orcs.

Vanquished Creatures
  Sigmund (D:2)
  Grum (D:7)
  A steam dragon (D:7)
  2 wargs (D:8)
  A water moccasin (D:7)
  A sky beast (D:7)
  2 orc warriors (D:6)
  4 black bears
  4 ogres
  A necrophage (D:6)
  5 centaurs
  A phantom (D:5)
  4 bullfrogs
  3 gnoll sergeants
  A water moccasin zombie (D:5)
  A wyvern zombie (D:6)
  2 scorpions
  A jelly (D:7)
  5 orc priests
  17 hounds
  Jessica (D:2)
  2 bullfrog skeletons
  2 gnoll shamans (D:7)
  4 iguanas
  8 orc wizards
  A hound zombie (D:5)
  12 gnolls
  A howler monkey skeleton (D:6)
  5 adders
  2 ufetubi
  An adder zombie (D:5)
  A worm (D:3)
  3 dart slugs
  24 orcs
  2 ball pythons
  9 endoplasms
  2 giant cockroaches
  10 goblins
  5 hobgoblins
  9 jackals
  5 quokkas
  5 bats
  4 frilled lizards
  A jackal skeleton (D:2)
  6 kobolds
  3 rats
186 creatures vanquished.

Vanquished Creatures (others)
  663 foxfires
  A plant (D:2)
664 creatures vanquished.

Grand Total: 850 creatures vanquished

Notes
Turn   | Place    | Note
-------+----------+-------------------------------------------
     0 | D:1      | gimp the Djinni Fire Elementalist began the quest for the
                  | Orb.
     0 | D:1      | Reached XP level 1. HP: 15/15 MP: 0/0
   175 | D:1      | Reached XP level 2. HP: 12/21 MP: 0/0
   797 | D:1      | Reached XP level 3. HP: 24/25 MP: 0/0
   797 | D:1      | Learned a level 1 spell: Magic Dart
  2010 | D:2      | Noticed Jessica
  2019 | D:2      | Killed Jessica
  2020 | D:2      | Reached XP level 4. HP: 24/31 MP: 0/0
  2209 | D:2      | Noticed Terence
  2774 | D:2      | Noticed Sigmund
  2814 | D:2      | Killed Sigmund
  2815 | D:2      | Reached skill level 5 in Spellcasting
  2815 | D:2      | Reached XP level 5. HP: 12/35 MP: 0/0
  2815 | D:2      | Learned a level 2 spell: Wereblood
  2815 | D:2      | Reached XP level 6. HP: 13/40 MP: 0/0
  3713 | D:3      | Found a stormy altar of Qazlal.
  4033 | D:4      | Noticed a black bear
  4040 | D:4      | Killed a black bear
  4041 | D:4      | Reached skill level 1 in Fighting
  4082 | D:4      | Reached skill level 2 in Fighting
  4413 | D:4      | Noticed a black bear
  4419 | D:4      | Killed a black bear
  4420 | D:4      | Reached skill level 3 in Fighting
  4420 | D:4      | Reached XP level 7. HP: 40/50 MP: 0/0
  4420 | D:4      | Learned a level 2 spell: Ensorcelled Hibernation
  4977 | D:5      | Entered Level 5 of the Dungeon
  4987 | D:5      | Reached skill level 4 in Fighting
  4997 | D:5      | Reached skill level 5 in Fighting
  5288 | D:5      | Reached skill level 6 in Fighting
  5288 | D:5      | Reached XP level 8. HP: 44/61 MP: 0/0
  5788 | D:5      | Reached skill level 7 in Fighting
  5929 | D:5      | Found a glowing silver altar of Zin.
  6197 | D:5      | Reached skill level 8 in Fighting
  6539 | D:6      | Reached skill level 9 in Fighting
  6539 | D:6      | Reached XP level 9. HP: 39/72 MP: 0/0
  6539 | D:6      | Learned a level 4 spell: Leda's Liquefaction
  7360 | D:6      | Reached skill level 10 in Fighting
  7362 | D:6      | Reached skill level 1 in Armour
  8347 | D:7      | Found a runed translucent gate.
  8813 | D:7      | Found a runed translucent gate.
  8813 | D:7      | Found a runed translucent gate.
  8828 | D:7      | Noticed Persimmons's ghost (novice DjFE)
  8870 | D:7      | Noticed Grum
  9096 | D:7      | Reached XP level 10. HP: 72/81 MP: 0/0
  9153 | D:7      | Reached skill level 11 in Fighting
  9188 | D:7      | Reached skill level 5 in Dodging
  9904 | D:7      | Found a staircase to the Ecumenical Temple.
  9914 | Temple   | Entered the Ecumenical Temple
  9978 | Temple   | Became a worshipper of Makhleb the Destroyer
 10020 | D:7      | Killed Grum
 10232 | D:7      | Reached skill level 1 in Invocations
 10379 | D:8      | Found a sparkling altar of Nemelex Xobeh.
 10467 | D:8      | Found a snail-covered altar of Cheibriados.
 10543 | D:8      | Found a staircase to the Lair.
 10557 | D:8      | Slain by a warg

Illustrated notes

Levels and vault maps discovered:
D:1:      lightli_arrival_maybe_door_vault, layout_rooms
D:2:      layout_loops_corners, serial_forest, infiniplex_forest_lined_room_,
          infiniplex_forest_straight_4, infiniplex_forest_straight_2,
          infiniplex_forest_straight_5, infiniplex_forest_clump_large,
          infiniplex_forest_clump_large, infiniplex_forest_end_2,
          infiniplex_forest_straight_4, uniq_sigmund, uniq_jessica, uniq_terence
D:3:      layout_loops_ring, general_overflow_altar
D:4:      layout_rooms
D:5:      minmay_spotlight, layout_rooms, gammafunk_temple_overflow_pools,
          minmay_joined_circles
D:6:      layout_basic, serial_curves, eino_curves_02, eino_curves_01,
          palyth_stone_intersect
D:7:      layout_cave_pools, temple_statues, gammafunk_ghost_necromancy,
          serial_gnoll_camp, gnoll_camp_mini_house, gnoll_camp_mini_doghouse,
          gnoll_camp_mini_loothouse, grums_kennel, gnoll_camp_mini_hut,
          gnoll_camp_mini_house
D:8:      cheibrodos_statue_roulette, layout_gridville, jmf_multi_god_temple,
          erik_lair_orcish_takeover
Temple:   zaba_magenta_temple

Skill      XL: |  1  2  3  4  5  6  7  8  9 10 |
---------------+-------------------------------+-----
Spellcasting   | 3 4 5 6 |  6.0
Fighting       | 3 6 9 10 11 | 11.0
Armour         | 3 4 |  4.6
Dodging        | 4 5 |  5.8
Invocations    | 1 |  1.7
Stealth        | |  1.5

Action                   |  1- 3 |  4- 6 |  7- 9 | 10-12 || total
-------------------------+-------+-------+-------+-------++-------
Melee: Unarmed           |     1 |       |       |       ||     1
       Dagger            |     8 |    10 |    11 |     8 ||    37
 Cast: Foxfire           |    77 |    54 |   208 |    49 ||   388
       Sticky Flame      |       |     1 |    23 |     9 ||    33
       Conjure Flame     |       |       |     3 |       ||     3
       Fireball          |       |       |     6 |     6 ||    12
Evoke: Wand              |       |       |       |     3 ||     3
  Use: Potion            |       |     3 |       |       ||     3
       Scroll            |       |       |    15 |     3 ||    18
 Stab: Sleeping          |     1 |     1 |       |       ||     2
Armor: Robe              |     2 |     4 |    14 |     3 ||    23
Dodge: Dodged            |    14 |    16 |    50 |    19 ||    99

Table legend: (Time is in decaauts)
 A = Elapsed time spent in this place.
 B = Non-inter-level travel time spent in this place.
 C = Inter-level travel time spent in this place.
 D = Time resting spent in this place.
 E = Time spent auto-exploring this place.
 F = Levels seen in this place.
 G = Mean time per level.
                   A        B        C        D        E       F      G
               +--------+--------+--------+--------+--------+-----+--------+
         Total |  10556 |  10329 |    227 |   1020 |   7650 |   9 | 1172.9 |
       Dungeon |  10479 |  10264 |    215 |   1020 |   7596 |   8 | 1309.9 |
        Temple |     77 |     65 |     12 |      0 |     54 |   1 |   77.0 |
               +--------+--------+--------+--------+--------+-----+--------+

Top non-repeatable levels by time:
     D:6: 2207 daAuts
     D:1: 1688 daAuts
     D:2: 1567 daAuts
     D:5: 1484 daAuts
     D:7: 1412 daAuts
     D:4: 1156 daAuts
     D:3: 774 daAuts
     D:8: 187 daAuts
  Temple: 77 daAuts
